 Dungeon Crawl Stone Soup version 0.28-a0-178-ga708605c5b (webtiles) character file.

Game seed: 12746834256315753502

341 timneilson the Covered (level 6, -9/38 HPs)
             Began as a Gargoyle Fighter on Aug 17, 2021.
             Mangled by an orc warrior (11 damage)
             ... on level 3 of the Dungeon.
             The game lasted 00:06:14 (3531 turns).

timneilson the Covered (Gargoyle Fighter)           Turns: 3531, Time: 00:06:14

Health: -9/38      AC: 16    Str: 22    XL:     6   Next: 56%
Magic:  6/6        EV:  6    Int:  8    God:
Gold:   94         SH:  8    Dex:  9    Spells: 5/5 levels left

rFire   . . .      SeeInvis .   a - +0 long sword
rCold   . . .      Faith    .   c - +0 kite shield
rNeg    + . .      Spirit   .   d - +2 chain mail {Will+}
rPois   ∞          Reflect  .   (no helmet)
rElec   +          Harm     .   (no cloak)
rCorr   +          Rampage  .   (no gloves)
Will    +....                   (no boots)
Stlth   ..........              (no amulet)
HPRegen 0.12/turn               g - ring of resist corrosion
MPRegen 0.10/turn               (no ring)

@: flying
A: sickness immunity, AC +4, negative energy resistance 1, electricity
resistance, torment resistance 1, petrification resistance
a: no special abilities


You were on level 3 of the Dungeon.
You visited 1 branch of the dungeon, and saw 4 of its levels.

You collected 94 gold pieces.

Inventory:

Hand Weapons
 a - a +0 long sword (weapon)
Armour
 c - a +0 kite shield (worn)
 d - a +2 chain mail of willpower (worn)
Jewellery
 g - a ring of resist corrosion (left hand)
Potions
 e - a potion of flight
 f - a potion of resistance
 h - a potion of curing


   Skills:
 + Level 4.2 Fighting
 * Level 3.4 Long Blades
 * Level 5.1 Armour
 * Level 5.0 Shields


You had 5 spell levels left.
You didn't know any spells.
Your spell library contained the following spells:

 Spells                   Type           Power      Damage    Failure   Level
 Freeze                   Ice            0%         1d3       100%        1
 Frozen Ramparts          Ice            0%         1d2       100%        3
 Hailstorm                Conj/Ice       0%         3d3       100%        4


Dungeon Overview and Level Annotations

Branches:
Dungeon (4/15)
 Temple: D:4-7

Altars:
Vehumet

Shops:
D:1 =


Innate Abilities, Weirdness & Mutations

You are immune to sickness and miasma.
Your stone body is resilient. (AC +4)
You are immune to poison.
You resist negative energy. (rN+)
You are resistant to electric shocks. (rElec)
You are resistant to unholy torment.
You are immune to petrification.


Message History

You slash the goblin!
You kill the goblin!
An orc warrior comes into view. It is wielding a +0 halberd.
The orc warrior shouts!
You hear a shout! x2
Things that are here:
a +0 dagger; a goblin corpse An orc priest comes into view.
It is wielding a +1 dagger of draining.
An orc comes into view. It is wielding a +0 club.
You see here a scroll of teleportation.
It was a potion of flight.
You feel very buoyant.
You fly up into the air.
The orc warrior hits you from afar with a +0 halberd!
It was a potion of curing.
You feel better. You block the orc warrior's attack.
Things that are here:
a +0 dagger; a goblin corpse
There is a stone staircase leading up here.
You block the orc warrior's attack.
The orc priest mumbles some strange prayers to Beogh against you.
You resist with some effort.
The orc warrior hits you with a +0 halberd!!
* * * LOW HITPOINT WARNING * * *
There is a stone staircase leading up here.
You block the orc warrior's attack.
You fly upwards.
There is a stone staircase leading down here.
Your chain mail prevents you from hitting the orc warrior.
You block the orc warrior's attack.
You hit the orc warrior.
The orc warrior is lightly wounded.
The orc warrior hits you but does no damage.
You closely miss the orc warrior.
The orc warrior is lightly wounded.
The orc warrior hits you with a +0 halberd!
* * * LOW HITPOINT WARNING * * *
The orc warrior barely misses you.
You hit the orc warrior.
The orc warrior is moderately wounded.
The orc warrior hits you with a +0 halberd!
You die...

.################.# # .# #.# # )#
#.# # .# #.# ########### # .# #.#
#.........# # .# #.# #.........#
# .# #.# #.........# #
.################)###.........###
.#..............@................
.#.#######.....o....#.........###
.#...# #..........#.........# #
...#.# #..........#.........# #
##.#.# #..........########### #
#.#.# #..........# # #.#.#
#..........#### # #.#.#
###......(......# # #.#.#
#...#####.......# #


You could see an orc warrior.

Vanquished Creatures
  The ghost of Corinon the Digger, an amateur DEEE (D:3)
  A scorpion (D:3)
  An orc priest (D:3)
  An orc wizard (D:4)
  4 adders
  2 worms
  9 orcs (D:3)
  5 ball pythons
  3 endoplasms
  2 giant cockroaches
  7 goblins
  5 hobgoblins
  6 jackals
  8 kobolds
  5 quokkas
  A bat (D:3)
  5 frilled lizards
  7 rats
73 creatures vanquished.

Notes
Turn   | Place    | Note
-------+----------+-------------------------------------------
     0 | D:1      | timneilson the Gargoyle Fighter began the quest for the
                  | Orb.
     0 | D:1      | Reached XP level 1. HP: 14/14 MP: 1/1
    86 | D:1      | Reached XP level 2. HP: 18/19 MP: 2/2
   403 | D:1      | Found Datzum's Jewellery Shop.
   889 | D:2      | Reached XP level 3. HP: 23/23 MP: 3/3
  1152 | D:2      | Reached XP level 4. HP: 13/28 MP: 4/4
  1643 | D:2      | Found a radiant altar of Vehumet.
  1793 | D:3      | Noticed a scorpion
  1816 | D:3      | Killed a scorpion
  1817 | D:3      | Reached XP level 5. HP: 27/33 MP: 5/5
  2187 | D:3      | Found a faded altar of an unknown god.
  2626 | D:3      | Found a runed translucent door.
  2626 | D:3      | Noticed Corinon's ghost (amateur DEEE)
  3415 | D:3      | Killed Corinon's ghost
  3416 | D:3      | Reached skill level 5 in Armour
  3416 | D:3      | Reached skill level 5 in Shields
  3416 | D:3      | Reached XP level 6. HP: 38/38 MP: 6/6
  3514 | D:4      | Noticed an orc warrior
  3531 | D:3      | Mangled by an orc warrior

Illustrated notes

Levels and vault maps discovered:
D:1:      minmay_arrival_glassed_features, layout_loops_ring, serial_shops, shop
D:2:      layout_rooms, basic_altar, serial_bayou_ford_a
D:3:      layout_basic, gammafunk_ghost_grave,
          dilly_ecumenical_altar_fadedgnrine
D:4:      layout_rooms, ebering_ghost_disaster_area, serial_shops, shop,
          uniq_eustachio, uniq_edmund

Skill      XL: |  1  2  3  4  5 |
---------------+----------------+-----
Long Blades    | 2 3 |  3.4
Armour         | 4 5 |  5.1
Shields        | 4 5 |  5.0
Fighting       | 4 |  4.2

Action                   |  1- 3 |  4- 6 || total
-------------------------+-------+-------++-------
Melee: Long sword        |   118 |   178 ||   296
  Use: Scroll            |     1 |     3 ||     4
       Potion            |       |     3 ||     3
Armor: Scale mail        |    72 |    79 ||   151
       Chain mail        |       |    25 ||    25
Dodge: Dodged            |    42 |    63 ||   105
Block: Kite shield       |    77 |    77 ||   154
       Rpst.: Long sword |    16 |    19 ||    35

Table legend: (Time is in decaauts)
 A = Elapsed time spent in this place.
 B = Non-inter-level travel time spent in this place.
 C = Inter-level travel time spent in this place.
 D = Time resting spent in this place.
 E = Time spent auto-exploring this place.
 F = Levels seen in this place.
 G = Mean time per level.
                   A        B        C        D        E       F      G
               +--------+--------+--------+--------+--------+-----+--------+
         Total |   3687 |   3601 |     86 |    148 |   2703 |   4 |  921.8 |
       Dungeon |   3687 |   3601 |     86 |    148 |   2703 |   4 |  921.8 |
               +--------+--------+--------+--------+--------+-----+--------+

Top non-repeatable levels by time:
     D:3: 1755 daAuts
     D:2: 974 daAuts
     D:1: 908 daAuts
     D:4: 48 daAuts
